 Dungeon Crawl Stone Soup version 0.30-a0-782-ge64f9170bb (webtiles) character file.

Game seed: 8332968090382484701

95 senseless the Trooper (level 4, 0/41 HPs)
             Began as a Minotaur Fighter on Feb 25, 2023.
             Slain by a gnoll
             ... wielding a +0 flail
              (4 damage)
             ... on level 2 of the Dungeon.
             The game lasted 00:04:20 (1298 turns).

senseless the Trooper (Minotaur Fighter)            Turns: 1298, Time: 00:04:21

Health: 0/41       AC: 13    Str: 23    XL:     4   Next: 39%
Magic:  3/3        EV:  6    Int:  2    God:
Gold:   142        SH:  4    Dex:  9    Spells: 2/3 levels left

rFire   . . .      SeeInvis .    a - +0 long sword
rCold   + . .      Faith    .    c - +0 buckler
rNeg    . . .      Spirit   .    l - +0 plate armour
rPois   +          Reflect  .    (helmet restricted)
rElec   .          Harm     .    e - -1 cloak "Faomp" {rPois rC+ Int-3 Slay+6}
rCorr   .          Rampage  .    f - +0 pair of gloves
Will    .....                    (no boots) Stlth
                                 (no amulet)
HPRegen 0.26/turn                (no ring)
MPRegen 0.08/turn                (no ring)

@: mighty, hasted, very quick
A: horns 2, retaliatory headbutt
a: no special abilities


You were on level 2 of the Dungeon.
You visited 1 branch of the dungeon, and saw 2 of its levels.

You collected 142 gold pieces.

Inventory:

Hand Weapons
 a - a +0 long sword (weapon)
Armour
 b - a +0 scale mail
 c - a +0 buckler (worn)
 e - the -1 cloak "Faomp" (worn) {rPois rC+ Int-3 Slay+6}
   (You found it on level 2 of the Dungeon)

   Int:       It affects your intelligence (-3).
   Slay:      It affects your accuracy & damage with ranged weapons and melee
   (+6).
   rC:        It protects you from cold.
   rPois:     It protects you from poison.
 f - a +0 pair of gloves (worn)
 g - a +0 cloak
 l - a +0 plate armour (worn)
 o - a scarf of resistance
Potions
 d - a potion of might
 h - a potion of lignification {unknown}
 i - a potion of curing {unknown}
 j - a potion of invisibility {unknown}
 m - a potion of cancellation {unknown}
 n - a potion of resistance {unknown}


   Skills:
 + Level 4.4 Fighting
 + Level 3.5 Long Blades
 + Level 4.4 Armour
 + Level 4.4 Shields


You had 2 spell levels left.
You knew the following spells:

 Your Spells              Type           Power      Damage    Failure   Level
a - Magic Dart            Conj           0%         1d3       100%        1

Your spell library contained the following spells:

 Spells                   Type           Power      Damage    Failure   Level
 Call Imp                 Summ           0%         N/A       100%        2
 Mephitic Cloud           Conj/Pois/Air  0%         N/A       100%        3


Dungeon Overview and Level Annotations

Branches:
Dungeon (2/15)

Altars:


Innate Abilities, Weirdness & Mutations

You have a pair of horns on your head.
You reflexively headbutt those who attack you in melee.


Message History

The dart slug launches a dart at you. The slug dart hits you.
The gnoll shouts!
You block the gnoll's attack.
You closely miss the gnoll. You headbutt the gnoll!
The gnoll is heavily wounded.
The gnoll hits you but does no damage.
The gnoll hits you from afar with a +0 spear.
The dart slug launches a dart at you.
The slug dart hits you but does no damage.
You hit the gnoll.
The gnoll is heavily wounded.
The gnoll hits you with a +0 spear. The gnoll hits you but does no damage.
You feel very mighty all of a sudden. The gnoll hits you but does no damage.
The gnoll hits you from afar with a +0 halberd.
The gnoll hits you but does no damage.
You closely miss the gnoll. Your headbutt misses the gnoll.
The gnoll is heavily wounded.
The gnoll hits you but does no damage. The gnoll closely misses you. x2
You feel yourself speed up. The gnoll hits you with a +0 spear.
The gnoll hits you from afar with a +0 halberd.
The gnoll hits you from afar with a +0 spear.
A gnoll comes into view. It is wielding a +0 flail.
The gnoll hits you with a +0 spear. The gnoll hits you but does no damage.
The gnoll hits you with a +0 spear.
You slice the gnoll!!
You kill the gnoll!
The gnoll hits you with a +0 spear. The gnoll hits you with a +0 halberd!
* * * LOW HITPOINT WARNING * * *
The dart slug launches a dart at you. The slug dart misses you.
You slash the gnoll!
The gnoll is heavily wounded.
The gnoll hits you but does no damage. The gnoll barely misses you.
You slice the gnoll!!
You kill the gnoll!
The dart slug bites you but does no damage.
The gnoll hits you with a +0 flail.
You die...

........# ......####....
##............
##.#...###....####
##+#..............
.....#.######....#######
.....#.##........$..:..#
................g)......
.....##.......#w@......#
.....##.......#..g.?...+
##+#.##.......#........#
##+#+##.......+........#
..............#.......)#
...................#####
.......#########.#.#
######...........#.#
...........#####.#.#


You could see 2 gnolls and a dart slug.

Vanquished Creatures
  Jessica (D:2)
  An adder (D:2)
  2 gnolls (D:2)
  A worm (D:2)
  3 dart slugs
  4 endoplasms (D:1)
  4 goblins
  5 hobgoblins
  5 jackals
  A kobold (D:2)
  A quokka (D:2)
  5 ball pythons
  2 bats
  2 frilled lizards
  5 rats
42 creatures vanquished.

Notes
Turn   | Place    | Note
-------+----------+-------------------------------------------
     0 | D:1      | senseless the Minotaur Fighter began the quest for the Orb.
     0 | D:1      | Reached XP level 1. HP: 19/19 MP: 0/0
   104 | D:1      | Found a faded altar of an unknown god.
   201 | D:1      | Reached XP level 2. HP: 26/27 MP: 1/1
   649 | D:1      | Learned a level 1 spell: Magic Dart
   987 | D:2      | Identified the -1 cloak "Faomp" {rPois rC+ Int-3 Slay+6}
  1035 | D:2      | Reached XP level 3. HP: 30/33 MP: 2/2
  1261 | D:2      | Noticed Jessica
  1265 | D:2      | Killed Jessica
  1266 | D:2      | Reached XP level 4. HP: 41/41 MP: 3/3
  1298 | D:2      | Slain by a gnoll

Illustrated notes

Levels and vault maps discovered:
D:1:      psy_arrival_conway, layout_loops_corners,
          chequers_ecumenical_altar_simple_redux, minmay_tetromino_t2
D:2:      layout_basic, minmay_rat_hole, uniq_jessica

Skill      XL: |  1  2 |
---------------+-------+-----
Fighting       | 4 |  4.4
Long Blades    | 3 |  3.5
Armour         | 4 |  4.4
Shields        | 4 |  4.4

Action                     |  1- 3 |  4- 6 || total
---------------------------+-------+-------++-------
  Melee: Long sword        |    72 |     7 ||    79
         Headbutt          |    13 |     2 ||    15
    Use: Scroll            |     4 |       ||     4
         Potion            |       |     2 ||     2
 Armour: Scale mail        |    29 |       ||    29
         Plate armour      |     9 |    10 ||    19
  Dodge: Dodged            |    32 |     4 ||    36
  Block: Buckler           |    10 |     1 ||    11

Table legend: (Time is in decaauts)
 A = Elapsed time spent in this place.
 B = Non-inter-level travel time spent in this place.
 C = Inter-level travel time spent in this place.
 D = Time resting spent in this place.
 E = Time spent auto-exploring this place.
 F = Levels seen in this place.
 G = Mean time per level.
                   A        B        C        D        E       F      G
               +--------+--------+--------+--------+--------+-----+--------+
         Total |   1325 |   1289 |     36 |      0 |    962 |   2 |  662.5 |
       Dungeon |   1325 |   1289 |     36 |      0 |    962 |   2 |  662.5 |
               +--------+--------+--------+--------+--------+-----+--------+

Top non-repeatable levels by time:
     D:1: 969 daAuts
     D:2: 355 daAuts
